 Dungeon Crawl Stone Soup version 0.29.1-2-gbd0b4ee654 (webtiles) character file.

Game seed: 17840593991041034795

8 warriortoast the Sneak (level 2, -2/13 HPs)
             Began as a Spriggan Enchanter on Nov 21, 2022.
             Slain by a goblin
             ... wielding a +1 dagger of venom
              (4 damage)
             ... on level 1 of the Dungeon.
             The game lasted 00:00:42 (506 turns).

warriortoast the Sneak (Spriggan Enchanter)          Turns: 506, Time: 00:00:42

Health: -2/13      AC:  2    Str:  4    XL:     2   Next: 0%
Magic:  6/6        EV: 17    Int: 16    God:
Gold:   6          SH:  0    Dex: 15    Spells: 6/6 levels left

rFire   . . .      SeeInvis +   a - +1 dagger
rCold   . . .      Faith    .   (no shield)
rNeg    . . .      Spirit   .   b - +0 robe
rPois   .          Reflect  .   (helmet restricted)
rElec   .          Harm     .   (no cloak)
rCorr   .          Rampage  .   (gloves unavailable)
Will    .....                   (boots unavailable)
Stlth   +++.......              (no amulet)
HPRegen 0.04/turn               (no ring)
MPRegen 0.10/turn               (no ring)

@: lethally poisoned (-2 -> -8), very quick
A: very small, no large weapons, unfitting armour, see invisible, speed 3
a: no special abilities


You were on level 1 of the Dungeon.
You visited 1 branch of the dungeon, and saw 1 of its levels.

You collected 6 gold pieces.

Inventory:

Hand Weapons
 a - a +1 dagger (weapon)
Armour
 b - a +0 robe (worn)
Scrolls
 d - a scroll of immolation {unknown}
Potions
 c - 2 potions of invisibility
 e - a potion of attraction {unknown}


   Skills:
 + Level 1.3 Short Blades
 + Level 2.9 Dodging
 + Level 4.6 Stealth
 + Level 2.9 Spellcasting
 + Level 3.8 Hexes


You had 6 spell levels left.
You didn't know any spells.
Your spell library contained the following spells:

 Spells                   Type           Power      Damage    Failure   Level
 Confusing Touch          Hex            14%        N/A       12%         3
 Tukima's Dance           Hex            14%        N/A       12%         3
 Ensorcelled Hibernation  Hex/Ice        16%        N/A       13%         2
 Dazzling Flash           Conj/Hex       16%        N/A       26%         3
 Anguish                  Hex/Necr       4%         N/A       65%         4
 Enfeeble                 Hex            7%         N/A       100%        7


Dungeon Overview and Level Annotations

Branches:
Dungeon (1/15)

Altars:

Shops:
D:1 *


Innate Abilities, Weirdness & Mutations

You are very small and have problems with some larger weapons.
You are too small for most types of armour.
You have supernaturally acute eyesight. (SInv)
You cover ground extremely quickly. (Speed+++)


Message History

You are too injured to fight recklessly!
You are too injured to fight recklessly!
You are too injured to fight recklessly!
You are too injured to fight recklessly!
You hit the endoplasm.
You kill the endoplasm!
Things that are here:
a +0 dagger; a goblin corpse A kobold comes into view.
It is wielding a +0 whip.
A kobold is nearby!
A kobold is nearby!
A kobold is nearby!
A kobold is nearby!
The helpless kobold fails to defend itself.
You puncture the kobold!
You kill the kobold!
You open the door.
A rat comes into view.
A rat is nearby!
A rat is nearby!
A rat is nearby!
A goblin comes into view. It is wielding a +1 dagger of venom.
Found a stone staircase leading down.
The goblin shouts!
There is an open door here.
You hit the rat.
You kill the rat!
You have reached level 2!
The goblin hits you with a +1 dagger of venom.
You barely miss the goblin.
The goblin hits you with a +1 dagger of venom.
You are lethally poisoned!
You are too injured to fight recklessly!
You are too injured to fight recklessly!
* * * LOW HITPOINT WARNING * * *
You feel sick.
* * * LOW HITPOINT WARNING * * *
You feel sick.
The goblin hits you with a +1 dagger of venom.
You die...

....... .. .#.... ##
.#... .# ####.... #>..
..#... ....###.#..
..........#+#
....#...g...#
.......@...# ####.......#
#.......# #.#'###.# ##
#####.#.# .# .. #......)#
. ..
#.###.###################
#.##...............).
#.##.################


You could see a goblin.

Vanquished Creatures
  An endoplasm (D:1)
  2 goblins (D:1)
  A kobold (D:1)
  A quokka (D:1)
  2 rats (D:1)
7 creatures vanquished.

Notes
Turn   | Place    | Note
-------+----------+-------------------------------------------
     0 | D:1      | warriortoast the Spriggan Enchanter began the quest for the
                  | Orb.
     0 | D:1      | Reached XP level 1. HP: 9/9 MP: 5/5
   255 | D:1      | Found Peipoif's General Store.
   502 | D:1      | Reached XP level 2. HP: 13/13 MP: 6/6
   506 | D:1      | Slain by a goblin

Illustrated notes

Levels and vault maps discovered:
D:1:      giann_wishing_wells, layout_basic, serial_shops, nicolae_diamond_shop,
          shapermc_ecumenical_altar_notcrosses

Action                   || total
-------------------------++-------
Melee: Dagger            ||    15
 Stab: Sleeping          ||     2
Armor: Robe              ||     1
Dodge: Dodged            ||     4
